 Dungeon Crawl Stone Soup version 0.24.0-123-gd5b16e6ec5 (webtiles) character file.

Game seed: 4067423792519933759, levelgen mode: deterministic

132 HammerPanzer the Slasher (level 4, -2/38 HPs)
             Began as a Draconian Berserker on Jan 9, 2020.
             Was a Believer of Trog.
             Killed from afar by Sigmund (3 damage)
             ... with a puff of flame
             ... on level 2 of the Dungeon.
             The game lasted 00:05:10 (1548 turns).

HammerPanzer the Slasher (Draconian Berserker)      Turns: 1548, Time: 00:05:11

Health: -2/38      AC:  7    Str: 20    XL:     4   Next: 92%
Magic:  4/4        EV: 12    Int:  8    God:    Trog [**....]
Gold:   83         SH:  0    Dex: 10    Spells: 3/3 levels left

rFire    . . .     SeeInvis .   a - +0 falchion
rCold    . . .     Gourm    .   (no shield)
rNeg     . . .     Faith    .   (armour unavailable)
rPois    .         Spirit   .   (helmet restricted)
rElec    .         Reflect  .   (no cloak)
rCorr    .         Harm     .   g - +0 pair of gloves (curse)
MR       .....                  c - +0 pair of boots
Stlth    +.........             (no amulet)
HPRegen  0.12/turn              (no ring)
MPRegen  0.09/turn              (no ring)

@: berserk cooldown, slowed, very slow
A: unfitting armour, cold-blooded, AC +5
a: Berserk, Trog's Hand, Renounce Religion


You were on level 2 of the Dungeon.
You worshipped Trog.
Trog was pleased with you.
You were very hungry.

You visited 1 branch of the dungeon, and saw 2 of its levels.

You collected 83 gold pieces.

Inventory:

Hand Weapons
 a - a +0 falchion (weapon)
Armour
 c - a +0 pair of boots (worn)
 g - a cursed +0 pair of gloves (worn)
Scrolls
 d - 7 scrolls of identify {unknown}
 e - a scroll of random uselessness {unknown}
 f - a scroll of enchant armour {unknown}
 h - a scroll of fog {unknown}
 l - a scroll of enchant weapon {unknown}
Potions
 j - a potion of agility {unknown}
 k - 2 potions of brilliance {unknown}
Comestibles
 b - 2 rations
 i - 3 chunks of flesh


   Skills:
 - Level 3.2 Fighting
 * Level 5.7 Long Blades
 - Level 2.6 Dodging


You had 3 spell levels left.
You didn't know any spells.
Your spell library was empty.

Dungeon Overview and Level Annotations

Branches:
Dungeon (2/15)

Altars:
Wu Jian

Annotations:
D:2 Sigmund


Innate Abilities, Weirdness & Mutations

Your plain brown scales are hard. (AC +5)
You cannot fit into any form of body armour.
You are cold-blooded and may be slowed by cold attacks.


Message History

You feel a strong urge to attack something.
You are no longer berserk.
You are exhausted.
You feel yourself slow down. Something hits you!
You miss something. Something hits you.
You bump into the rock wall.
Something barely misses you.
You bump into the rock wall.
Something hits you but does no damage.
You bump into the rock wall.
Something barely misses you. Something hits you.
* * * LOW HITPOINT WARNING * * *
You feel less confused.
A puff of flame appears from out of thin air!
The puff of flame hits you.
* * * LOW HITPOINT WARNING * * *
Some of the chunks of flesh in your inventory have rotted away.
A puff of flame appears from out of thin air!
The puff of flame hits you but does no damage.
A puff of flame appears from out of thin air!
The puff of flame hits you.
You die...

#.#........##
##.###'##.#.##
#.........#<.. #
#......####.## #.#####
#+# #.............
#.{...# #.#
#......####.#. #####.#
#.###.........#.#.
#.###..###+##..##.#÷#.
###
#.{..@....)...#<#...#+
.[#
######..##.####.#....÷
..# ######### ##.##'##
#....... ..# #.......#
#.....# ####.... ..#
#.......# ##....# #....
..###.......#######....#
#....
....#.......#.....##...#
#....
###.#.......#.###.##...#
#.... .)#.#)...)..#.#
#..'.>.# #####


There were no monsters in sight!

Vanquished Creatures
  A howler monkey (D:2)
  A gnoll (D:1)
  3 adders (D:2)
  An ooze (D:1)
  A worm (D:2)
  A dart slug (D:2)
  4 bats
  2 giant cockroaches
  4 goblins
  9 hobgoblins
  8 jackals (D:1)
  2 kobolds (D:1)
  3 frilled lizards (D:1)
  3 rats
43 creatures vanquished.

Notes
Turn   | Place    | Note
-------+----------+-------------------------------------------
     0 | D:1      | HammerPanzer the Draconian Berserker began the quest for
                  | the Orb.
     0 | D:1      | Reached XP level 1. HP: 19/19 MP: 1/1
    80 | D:1      | Reached XP level 2. HP: 25/26 MP: 2/2
   358 | D:1      | Reached skill level 4 in Long Blades
   359 | D:1      | Reached XP level 3. HP: 28/31 MP: 3/3
   518 | D:1      | Reached ** piety under Trog
  1054 | D:2      | Reached XP level 4. HP: 33/38 MP: 4/4
  1068 | D:2      | Reached skill level 5 in Long Blades
  1240 | D:2      | Found an ornate altar of the Wu Jian Council.
  1525 | D:2      | Noticed Sigmund
  1543 | D:2      | HP: 1/38 [something/puff of flame (6)]
  1548 | D:2      | Killed from afar by Sigmund

Levels and vault maps discovered:
D:1:      sevenhm_arrival_forest_fort_large_4, layout_loops_ring
D:2:      layout_basic, nicolae_overflow_hidden_temple, uniq_sigmund

Skill      XL: |  1  2  3  4 |
---------------+-------------+-----
Long Blades    | 4 5 |  5.7
Fighting       | |  3.2
Dodging        | |  2.6

Action                   |  1- 3 |  4- 6 || total
-------------------------+-------+-------++-------
Melee: Falchion          |    80 |    59 ||   139
       Tailslap          |    14 |     8 ||    22
Invok: Berserk           |     1 |     1 ||     2
  Eat: Chunk             |     2 |     1 ||     3
Armor: Skin              |    11 |    15 ||    26
Dodge: Dodged            |    62 |    37 ||    99
       Rpst.: Falchion   |    24 |    13 ||    37
